PCL
DISTRICT 9 PRAWNS @ SAN JOSE MISSIONS
07/12/2023
 
TOP OF THE 1ST
District 9 Prawns batting - Pitching for San Jose Missions : LHP Floyd Dye
Pitching: LHP Floyd Dye
Batting: LHB Enrique Nalasco 0-0: Ground out U3 (Groundball, 3S)
Batting: RHB Marcos Moreno 0-0: Called Strike
0-1: Called Strike
0-2: SOLO HOME RUN (Line Drive, 9LD), Distance : 350 ft
Batting: RHB Mal Snyder 0-0: Called Strike
0-1: Swinging Strike
0-2: SINGLE (Flyball, 8LS)
Batting: LHB Ryan Hensley 0-0: Ball
1-0: Ball
2-0: Swinging Strike
2-1: Ball
3-1: Foul Ball, location: 2F
3-2: Strikes out swinging
Batting: SHB Tommy Bourassa 0-0: Called Strike
0-1: Fly out, F7 (Line Drive, 7D)
Top of the 1st over - 1 run(s), 2 hit(s), 0 error(s), 1 left on base; District 9 1 - San Jose 0
BOTTOM OF THE 1ST
San Jose Missions batting - Pitching for District 9 Prawns : RHP Juan Gutiérrez
Pitching: RHP Juan Gutiérrez
Batting: RHB Goro Tanabe 0-0: Ball
1-0: Swinging Strike
1-1: Ground out 6-3 (Groundball, 6M)
Batting: LHB Mel Jones 0-0: Called Strike
0-1: Ball
1-1: Swinging Strike
1-2: SOLO HOME RUN (Flyball, 78XD), Distance : 409 ft
Batting: RHB Ed Starr 0-0: Called Strike
0-1: Ball
1-1: Ball
2-1: Called Strike
2-2: Ball
3-2: Base on Balls
Batting: LHB Miguel Montés 0-0: 2-RUN HOME RUN (Flyball, 78XD), Distance : 436 ft
Batting: LHB Raúl García 0-0: Swinging Strike
0-1: Ball
1-1: Ground out 5-3 (Groundball, 56S)
Batting: RHB Chang-geun Kim 0-0: Ball
1-0: Foul Ball, location: 2F
1-1: Foul Ball, location: 2F
1-2: Ball
2-2: Strikes out swinging
Bottom of the 1st over - 3 run(s), 2 hit(s), 0 error(s), 0 left on base; District 9 1 - San Jose 3
TOP OF THE 2ND
District 9 Prawns batting - Pitching for San Jose Missions : LHP Floyd Dye
Batting: RHB Alfredo Cortéz 0-0: Foul Ball, location: 2F
0-1: Foul Ball, location: 2F
0-2: Ball
1-2: Ball
2-2: Ball
3-2: SINGLE (Groundball, 6D)
Batting: LHB Leland Hardy 0-0: Swinging Strike
0-1: Foul Ball, location: 2F
0-2: Ball
1-2: Strikes out swinging
Batting: RHB Bill Beck 0-0: Foul Ball, location: 2F
0-1: SINGLE (Groundball, 6MD)
Alfredo Cortéz to second
Runner from 2nd tries for 3rd, OUT!
Batting: RHB Manuel Cortéz 0-0: Called Strike
0-1: Fly out, F2 (Popup, 2LF)
Top of the 2nd over - 0 run(s), 2 hit(s), 0 error(s), 1 left on base; District 9 1 - San Jose 3
BOTTOM OF THE 2ND
San Jose Missions batting - Pitching for District 9 Prawns : RHP Juan Gutiérrez
Batting: RHB Mike Gordon 0-0: Ball
1-0: Swinging Strike
1-1: Foul Ball, location: 2F
1-2: Ground out 5-3 (Groundball, 56S)
Batting: RHB Edgar Wilson 0-0: Called Strike
0-1: Ball
1-1: Ball
2-1: Foul Ball, location: 2F
2-2: Ground out 1-3 (Groundball, 13)
Batting: RHB Stéphane Lambert 0-0: Ball
1-0: Foul Ball, location: 2F
1-1: SINGLE (Groundball, 6D)
Batting: RHB Goro Tanabe 0-0: Ball
1-0: Ball
2-0: Called Strike
2-1: Ball
3-1: Base on Balls
Stéphane Lambert to second
Batting: LHB Mel Jones 0-0: Fly out, F8 (Flyball, 8LM)
Bottom of the 2nd over - 0 run(s), 1 hit(s), 0 error(s), 2 left on base; District 9 1 - San Jose 3
TOP OF THE 3RD
District 9 Prawns batting - Pitching for San Jose Missions : LHP Floyd Dye
Batting: LHB Enrique Nalasco 0-0: Foul Ball, location: 2F
0-1: Ball
1-1: Foul Ball, location: 2F
1-2: Foul Ball, location: 2F
1-2: Ball
2-2: Ball
3-2: Ground out 6-3 (Groundball, 6)
Batting: RHB Marcos Moreno 0-0: Ball
1-0: Ball
2-0: Ball
3-0: Base on Balls
Batting: RHB Mal Snyder 0-0: Foul Ball, location: 2F
0-1: Ball
1-1: Ball
2-1: DOUBLE (Flyball, 89D)
Marcos Moreno to third
Runner from 3rd tries for Home, SAFE, throw made home
Batting: LHB Ryan Hensley 0-0: Called Strike
0-1: Swinging Strike
0-2: Foul Ball, location: 2F
0-2: Strikes out swinging
Batting: SHB Tommy Bourassa 0-0: Called Strike
0-1: Foul Ball, location: 2F
0-2: SINGLE (Groundball, 56)
Mal Snyder to third
Runner from 3rd tries for Home, SAFE, no throw or cutoff
Batting: RHB Alfredo Cortéz 0-0: Ball
1-0: Foul Ball, location: 2F
1-1: Ball
2-1: Called Strike
2-2: DOUBLE (Line Drive, 9LM)
Tommy Bourassa to third
Runner from 3rd tries for Home, SAFE, no throw or cutoff
Batting: LHB Leland Hardy 0-0: Called Strike
0-1: Ground out 6-3 (Groundball, 6M)
Top of the 3rd over - 3 run(s), 3 hit(s), 0 error(s), 1 left on base; District 9 4 - San Jose 3
BOTTOM OF THE 3RD
San Jose Missions batting - Pitching for District 9 Prawns : RHP Juan Gutiérrez
Batting: RHB Ed Starr 0-0: Called Strike
0-1: Ball
1-1: Called Strike
1-2: Ground out 5-3 (Groundball, 5S)
Batting: LHB Miguel Montés 0-0: Ball
1-0: Foul Ball, location: 2F
1-1: Ball
2-1: Swinging Strike
2-2: Fly out, F9 (Flyball, 9M)
Batting: LHB Raúl García 0-0: SOLO HOME RUN (Flyball, 89XD), Distance : 413 ft
Batting: RHB Chang-geun Kim 0-0: Called Strike
0-1: SOLO HOME RUN (Flyball, 78XD), Distance : 409 ft
Batting: RHB Mike Gordon 0-0: Ball
1-0: Called Strike
1-1: Swinging Strike
1-2: Ball
2-2: Foul Ball, location: 2F
2-2: Strikes out looking
Bottom of the 3rd over - 2 run(s), 2 hit(s), 0 error(s), 0 left on base; District 9 4 - San Jose 5
TOP OF THE 4TH
District 9 Prawns batting - Pitching for San Jose Missions : LHP Floyd Dye
Batting: RHB Bill Beck 0-0: Ball
1-0: Ball
2-0: Ball
3-0: Base on Balls
Batting: RHB Manuel Cortéz 0-0: Called Strike
0-1: Swinging Strike
0-2: Ball
1-2: Ball
2-2: Ball
3-2: Grounds into double play, 6-4-3 (Groundball, 6)
Batting: LHB Enrique Nalasco 0-0: Ball
1-0: Ball
2-0: Called Strike
2-1: SINGLE (Line Drive, 6)
Batting: RHB Marcos Moreno 0-0: Ball
1-0: Ball
2-0: Ball
3-0: Called Strike
3-1: SINGLE (Groundball, 34)
Enrique Nalasco to second
Runner from 2nd tries for 3rd, SAFE, throw made to third
Marcos Moreno to second
Batting: RHB Mal Snyder 0-0: Called Strike
0-1: Ball
1-1: Ground out 3-1 (Groundball, 34)
Top of the 4th over - 0 run(s), 2 hit(s), 0 error(s), 2 left on base; District 9 4 - San Jose 5
BOTTOM OF THE 4TH
San Jose Missions batting - Pitching for District 9 Prawns : RHP Juan Gutiérrez
Batting: RHB Edgar Wilson 0-0: Called Strike
0-1: Ball
1-1: Ball
2-1: Ground out U3 (Groundball, 3L)
Batting: RHB Stéphane Lambert 0-0: Ball
1-0: Called Strike
1-1: Foul Ball, location: 2F
1-2: Strikes out swinging
Batting: RHB Goro Tanabe 0-0: SINGLE (Flyball, 8LS)
Batting: LHB Mel Jones 0-0: Foul Ball, location: 2F
0-1: Ball
1-1: Ball
2-1: Called Strike
2-2: Ball
3-2: Hit by Pitch
Goro Tanabe to second
Batting: RHB Ed Starr 0-0: Foul Ball, location: 2F
0-1: Ball
1-1: SINGLE (Groundball, 56D)
Goro Tanabe to third
Mel Jones to second
Runner from 3rd tries for Home, SAFE, no throw or cutoff
Batting: LHB Miguel Montés 0-0: Swinging Strike
0-1: Called Strike
0-2: Ball
1-2: Ball
2-2: Ball
3-2: Strikes out swinging
Bottom of the 4th over - 1 run(s), 2 hit(s), 0 error(s), 2 left on base; District 9 4 - San Jose 6
TOP OF THE 5TH
District 9 Prawns batting - Pitching for San Jose Missions : LHP Floyd Dye
Batting: LHB Ryan Hensley 0-0: Ball
1-0: Swinging Strike
1-1: Swinging Strike
1-2: Foul Ball, location: 2F
1-2: Foul Ball, location: 2F
1-2: Strikes out swinging
Batting: SHB Tommy Bourassa 0-0: Ground out 6-3 (Groundball, 6)
Batting: RHB Alfredo Cortéz 0-0: Fly out, F8 (Flyball, 8RM)
Top of the 5th over - 0 run(s), 0 hit(s), 0 error(s), 0 left on base; District 9 4 - San Jose 6
BOTTOM OF THE 5TH
San Jose Missions batting - Pitching for District 9 Prawns : RHP Juan Gutiérrez
Batting: LHB Raúl García 0-0: Ball
1-0: Swinging Strike
1-1: Foul Ball, location: 2F
1-2: Foul Ball, location: 2F
1-2: Ball
2-2: Foul Ball, location: 2F
2-2: Ball
3-2: Ground out 1-3 (Groundball, 13S)
Batting: RHB Chang-geun Kim 0-0: Foul Ball, location: 2F
0-1: SINGLE (Groundball, 56D)
Batting: RHB Mike Gordon 0-0: Ball
1-0: Foul Ball, location: 2F
1-1: Swinging Strike
1-2: Foul Ball, location: 2F
1-2: Strikes out swinging
Batting: RHB Edgar Wilson 0-0: Called Strike
0-1: Ground out 1-3 (Groundball, 13S)
Bottom of the 5th over - 0 run(s), 1 hit(s), 0 error(s), 1 left on base; District 9 4 - San Jose 6
TOP OF THE 6TH
District 9 Prawns batting - Pitching for San Jose Missions : LHP Floyd Dye
Batting: LHB Leland Hardy 0-0: DOUBLE (Line Drive, 78D)
Batting: RHB Bill Beck 0-0: Called Strike
0-1: Ball
1-1: Ball
2-1: Foul Ball, location: 2F
2-2: Ball
3-2: Foul Ball, location: 2F
3-2: Foul Ball, location: 2F
3-2: Strikes out swinging
Batting: RHB Manuel Cortéz 0-0: Ball
1-0: Called Strike
1-1: Ball
2-1: Ball
3-1: Foul Ball, location: 2F
3-2: Strikes out looking
Batting: LHB Enrique Nalasco 0-0: Ball
1-0: Ball
2-0: Fly out, F6 (Popup, 6M)
Top of the 6th over - 0 run(s), 1 hit(s), 0 error(s), 1 left on base; District 9 4 - San Jose 6
BOTTOM OF THE 6TH
San Jose Missions batting - Pitching for District 9 Prawns : RHP Juan Gutiérrez
Pitching: RHP Alberto Vega
Batting: RHB Stéphane Lambert 0-0: Swinging Strike
0-1: Swinging Strike
0-2: Ball
1-2: Strikes out swinging
Batting: RHB Goro Tanabe 0-0: Ball
1-0: Ball
2-0: Ball
3-0: Called Strike
3-1: Base on Balls
Batting: LHB Mel Jones 0-0: Called Strike
0-1: Ball
1-1: Fielders Choice at 2nd, 3-6 (Groundball, 34)
Batting: RHB Ed Starr 0-0: Ball
1-0: Called Strike
1-1: Foul Ball, location: 2F
1-2: Ball
2-2: Ball
3-2: Fly out, F3 (Popup, 3S)
Bottom of the 6th over - 0 run(s), 0 hit(s), 0 error(s), 1 left on base; District 9 4 - San Jose 6
TOP OF THE 7TH
District 9 Prawns batting - Pitching for San Jose Missions : LHP Floyd Dye
Pitching: RHP Gabriel Moore
Batting: RHB Marcos Moreno 0-0: Ball
1-0: Called Strike
1-1: Ball
2-1: Foul Ball, location: 2F
2-2: Ball
3-2: Foul Ball, location: 2F
3-2: SINGLE (Line Drive, 89M)
Pitching: RHP Anthony Jones
Batting: RHB Mal Snyder 0-0: Ball
1-0: Ball
2-0: Ball
3-0: Called Strike
3-1: Base on Balls
Marcos Moreno to second
Pitching: RHP Oliver Meléndez
Batting: LHB Ryan Hensley 0-0: Ball
1-0: Foul Ball, location: 2F
1-1: Ground out U3 (Groundball, 3S)
Marcos Moreno to third
Mal Snyder to second
Batting: SHB Tommy Bourassa 0-0: Called Strike
0-1: Reached on error, E6 (Groundball, 6)
Marcos Moreno scores
Mal Snyder scores
Batting: RHB Alfredo Cortéz 0-0: Ball
1-0: Ball
2-0: Called Strike
2-1: DOUBLE (Line Drive, 78M)
Tommy Bourassa scores
Batting: LHB Leland Hardy 0-0: Intentional Walk
Pinch Hitting: LHB Scott MacDonald 0-0: Ground out U3 (Groundball, 3)
Alfredo Cortéz to third
Leland Hardy to second
Pinch Hitting: RHB Lateef Makini 0-0: Ball
1-0: Ball
2-0: Foul Ball, location: 2F
2-1: Ball
3-1: Swinging Strike
3-2: Fly out, F9 (Line Drive, 89S)
Top of the 7th over - 3 run(s), 2 hit(s), 1 error(s), 2 left on base; District 9 7 - San Jose 6
BOTTOM OF THE 7TH
San Jose Missions batting - Pitching for District 9 Prawns : RHP Alberto Vega
Now at 3B: Tony Guzmán
Now at SS: Harry Wade
Batting: LHB Miguel Montés 0-0: Ball
1-0: Swinging Strike
1-1: Ball
2-1: Swinging Strike
2-2: Foul Ball, location: 2F
2-2: Ball
3-2: Base on Balls
Batting: LHB Raúl García 0-0: Called Strike
0-1: Ball
1-1: Grounds into double play, 4-6-3 (Groundball, 34)
Batting: RHB Chang-geun Kim 0-0: Called Strike
0-1: Ball
1-1: Ball
2-1: Ball
3-1: Base on Balls
Batting: RHB Mike Gordon 0-0: Ball
1-0: Swinging Strike
1-1: Swinging Strike
1-2: Foul Ball, location: 2F
1-2: Strikes out swinging
Bottom of the 7th over - 0 run(s), 0 hit(s), 0 error(s), 1 left on base; District 9 7 - San Jose 6
TOP OF THE 8TH
District 9 Prawns batting - Pitching for San Jose Missions : RHP Oliver Meléndez
Batting: LHB Enrique Nalasco 0-0: Called Strike
0-1: Swinging Strike
0-2: Ground out 4-3 (Groundball, 4)
Batting: RHB Marcos Moreno 0-0: Called Strike
0-1: Ball
1-1: Foul Ball, location: 2F
1-2: SINGLE (Line Drive, 9S)
Batting: RHB Mal Snyder 0-0: Called Strike
0-1: Ball
1-1: DOUBLE (Groundball, 5D)
Marcos Moreno to third
Batting: LHB Ryan Hensley 0-0: Intentional Walk
Batting: SHB Tommy Bourassa 0-0: SINGLE (Groundball, 4MD)
Marcos Moreno scores
Mal Snyder to third
Ryan Hensley to second
Runner from 3rd tries for Home, throw and OUT!
Ryan Hensley to third
Tommy Bourassa to second
Batting: RHB Alfredo Cortéz 0-0: Ball
1-0: SINGLE (Groundball, 34D)
Ryan Hensley scores
Tommy Bourassa to third
Runner from 3rd tries for Home, throw and OUT!
Top of the 8th over - 2 run(s), 4 hit(s), 0 error(s), 1 left on base; District 9 9 - San Jose 6
BOTTOM OF THE 8TH
San Jose Missions batting - Pitching for District 9 Prawns : RHP Alberto Vega
Pitching: RHP António García
Batting: RHB Edgar Wilson 0-0: Swinging Strike
0-1: Ground out 5-3 (Groundball, 56S)
Batting: RHB Stéphane Lambert 0-0: Called Strike
0-1: Swinging Strike
0-2: Ground out 1-3 (Groundball, 15)
Batting: RHB Goro Tanabe 0-0: Swinging Strike
0-1: Ball
1-1: SINGLE (Line Drive, 8LS)
Pitching: RHP Bill Petzinger
Batting: LHB Mel Jones 0-0: Ball
1-0: Foul Ball, location: 2F
1-1: Foul Ball, location: 2F
1-2: Ball
2-2: SINGLE (Line Drive, 4D)
Goro Tanabe to second
Runner from 2nd tries for 3rd, SAFE, no throw or cutoff
Batting: RHB Ed Starr 0-0: Ball
1-0: Ball
2-0: Ground out 5-3 (Groundball, 5S)
Bottom of the 8th over - 0 run(s), 2 hit(s), 0 error(s), 2 left on base; District 9 9 - San Jose 6
TOP OF THE 9TH
District 9 Prawns batting - Pitching for San Jose Missions : RHP Oliver Meléndez
Pitching: LHP Ron Seccombe
Batting: LHB Leland Hardy 0-0: Called Strike
0-1: Swinging Strike
0-2: DOUBLE (Flyball, 9LM)
Batting: RHB Tony Guzmán 0-0: Intentional Walk
Batting: RHB Harry Wade 0-0: Fly out, F7 (Flyball, 78M)
Batting: LHB Enrique Nalasco 0-0: Called Strike
0-1: Ball
1-1: Called Strike
1-2: Grounds into double play, 4-6-3 (Groundball, 4)
Top of the 9th over - 0 run(s), 1 hit(s), 0 error(s), 1 left on base; District 9 9 - San Jose 6
BOTTOM OF THE 9TH
San Jose Missions batting - Pitching for District 9 Prawns : RHP Bill Petzinger
Pitching: RHP Troy Keough
Batting: LHB Miguel Montés 0-0: Ball
1-0: Called Strike
1-1: Swinging Strike
1-2: Strikes out swinging
Batting: LHB Raúl García 0-0: Called Strike
0-1: Ball
1-1: Ball
2-1: DOUBLE (Flyball, 8RXD)
Batting: RHB Chang-geun Kim 0-0: Ball
1-0: Foul Ball, location: 2F
1-1: Called Strike
1-2: Foul Ball, location: 2F
1-2: Ground out 6-3 (Groundball, 6)
Batting: RHB Mike Gordon 0-0: Called Strike
0-1: Ball
1-1: Foul Ball, location: 2F
1-2: Ball
2-2: Foul Ball, location: 2F
2-2: Ball
3-2: Fly out, F2 (Popup, 25)
Bottom of the 9th over - 0 run(s), 1 hit(s), 0 error(s), 1 left on base; District 9 9 - San Jose 6
This league is powered by Out of the Park Baseball, the baseball management simulation game for PC, Mac and Linux
Wednesday, December 2nd, 2015 - OOTP Baseball 16.8 Build 38